 Dungeon Crawl Stone Soup version 0.28.0-53-g5a82cb258f (webtiles) character file.

Game seed: 7273362528869520182

748 issech the Chopper (level 7, -1/61 HPs)
             Began as a Minotaur Monk on June 1, 2022.
             Slain by an iguana (10 damage)
             ... on level 6 of the Dungeon.
             The game lasted 00:08:43 (4279 turns).

issech the Chopper (Minotaur Monk)                  Turns: 4279, Time: 00:08:44

Health: -1/61      AC: 13    Str: 15    XL:     7   Next: 48%
Magic:  6/6        EV:  5    Int:  7    God:
Gold:   160        SH:  4    Dex: 15    Spells: 6/6 levels left

rFire   . . .      SeeInvis .   n - +1 hand axe (elec)
rCold   . . .      Faith    .   s - +0 buckler
rNeg    . . .      Spirit   .   o - +0 plate armour
rPois   .          Reflect  .   (helmet restricted)
rElec   .          Harm     .   e - +0 cloak
rCorr   .          Rampage  .   (no gloves)
Will    .....                   (no boots)
Stlth   ..........              (no amulet)
HPRegen 0.20/turn               (no ring)
MPRegen 0.10/turn               (no ring)

@: no status effects
A: horns 2, retaliatory headbutt
a: no special abilities


You were on level 6 of the Dungeon.
You visited 1 branch of the dungeon, and saw 7 of its levels.

You collected 160 gold pieces.

Inventory:

Hand Weapons
 n - a +1 hand axe of electrocution (weapon)
 p - a +0 war axe
 v - a +1 vorpal halberd
 y - a +0 glaive of freezing
Missiles
 a - 45 bolts
 c - 45 sling bullets
 d - 13 arrows
 h - 65 stones (quivered)
Armour
 e - a +0 cloak (worn)
 i - a +0 chain mail
 o - a +0 plate armour (worn)
 s - a +0 buckler (worn)
Wands
 b - a wand of polymorph (11)
 x - a wand of iceblast (12)
Scrolls
 f - a scroll of immolation {unknown}
 g - 2 scrolls of magic mapping {unknown}
 l - 2 scrolls of teleportation {unknown}
 m - a scroll of fog {unknown}
 r - a scroll of silence {unknown}
 t - a scroll of enchant weapon {unknown}
 u - a scroll of vulnerability {unknown}
 w - a scroll of identify {unknown}
Potions
 j - a potion of ambrosia {unknown}
 k - 2 potions of resistance {unknown}
 q - a potion of magic {unknown}


   Skills:
 + Level 5.4 Fighting
 + Level 6.4 Axes
 + Level 0.3 Throwing
 + Level 5.4 Armour
 + Level 4.4 Dodging
 + Level 2.3 Stealth
 + Level 1.8 Shields


You had 6 spell levels left.
You didn't know any spells.
Your spell library contained the following spells:

 Spells                   Type           Power      Damage    Failure   Level
 Static Discharge         Conj/Air       0%         N/A       100%        2
 Portal Projectile        Hex/Tloc       0%         N/A       100%        3
 Tukima's Dance           Hex            0%         N/A       100%        3
 Passage of Golubria      Tloc           0%         N/A       100%        4
 Blade Hands              Tmut           0%         N/A       100%        5
 Excruciating Wounds      Necr           0%         N/A       100%        5
 Lightning Bolt           Conj/Air       0%         1d11      100%        5
 Yara's Violent Unravell  Hex/Tmut       0%         3d3       100%        5
 Maxwell's Capacitive Co  Air            0%         ∞         100%        8


Dungeon Overview and Level Annotations

Branches:
Dungeon (7/15)
 Temple: D:4-7

Altars:

Shops:
D:1 !   D:4 ?


Innate Abilities, Weirdness & Mutations

You have a pair of horns on your head.
You reflexively headbutt those who attack you in melee.


Message History

The ogre is lightly wounded.
You hit the ogre.
The ogre is moderately wounded.
The ogre hits you with a +0 giant spiked club!!
You hit the ogre.
The ogre is heavily wounded.
You barely miss the ogre. You headbutt the ogre.
The ogre is severely wounded.
The ogre hits you with a +0 giant spiked club!!
* * * LOW HITPOINT WARNING * * *
Unknown command.
There is a stone staircase leading up, spattered with blood here.
You hit the ogre. Lightning courses through the ogre!
You kill the ogre!
You start resting.
An iguana comes into view.
An iguana is nearby!
You see here a +0 giant spiked club.
The iguana bites you.
You hit the iguana.
The iguana is moderately wounded.
The iguana bites you!
You hit the iguana.
The iguana is moderately wounded.
The iguana bites you.
You closely miss the iguana.
The iguana is moderately wounded.
The iguana bites you.
You slash the iguana! You headbutt the iguana.
The iguana is almost dead.
The iguana bites you!
* * * LOW HITPOINT WARNING * * *
You barely miss the iguana. You headbutt the iguana.
The iguana is almost dead.
You block the iguana's attack. The iguana bites you!
* * * LOW HITPOINT WARNING * * *
You closely miss the iguana.
The iguana is almost dead.
The iguana bites you!
You die...

##################
.................. .
#.......>....... ..
#.........###...
...##.........#
.............#
####...÷.....#
###...<)....#
.........@l...########
...........÷.........##
.......#####..........+
....... ##........##
####### #####....#
#....# #....###.#
#........# ###.######


You could see an iguana.

Vanquished Creatures
  A water moccasin (D:6)
  2 ogres
  A bullfrog (D:3)
  3 killer bees
  A hound (D:4)
  A jelly (D:6)
  2 orc wizards (D:3)
  An iguana (D:6)
  3 adders
  5 gnolls
  An ufetubus (D:4)
  2 dart slugs
  7 orcs
  5 ball pythons
  3 endoplasms
  5 giant cockroaches
  3 goblins
  5 hobgoblins
  3 jackals (D:2)
  3 quokkas
  2 bats (D:1)
  2 frilled lizards
  2 kobolds
  3 rats
66 creatures vanquished.

Vanquished Creatures (others)
  An orc wizard (D:3)
1 creature vanquished.

Grand Total: 67 creatures vanquished

Notes
Turn   | Place    | Note
-------+----------+-------------------------------------------
     0 | D:1      | issech the Minotaur Monk began the quest for the Orb.
     0 | D:1      | Reached XP level 1. HP: 19/19 MP: 0/0
   108 | D:1      | Reached skill level 4 in Axes
   108 | D:1      | Reached XP level 2. HP: 18/27 MP: 1/1
   275 | D:1      | Found a faded altar of an unknown god.
   479 | D:1      | Found Maty's Distillery.
   824 | D:2      | Reached XP level 3. HP: 33/33 MP: 2/2
  1685 | D:3      | Reached XP level 4. HP: 39/41 MP: 3/3
  1883 | D:3      | Reached skill level 1 in Armour
  2181 | D:3      | Reached XP level 5. HP: 39/47 MP: 4/4
  2474 | D:3      | Reached skill level 5 in Axes
  2931 | D:4      | Found Zedeag's Magic Scroll Emporium.
  3086 | D:4      | Reached XP level 6. HP: 42/53 MP: 5/5
  3673 | D:4      | You fall into a shaft and drop 3 floors!
  3725 | D:7      | Reached skill level 1 in Shields
  3901 | D:6      | Reached skill level 6 in Axes
  3901 | D:6      | Reached XP level 7. HP: 60/60 MP: 6/6
  3903 | D:5      | Entered Level 5 of the Dungeon
  3924 | D:6      | Reached skill level 5 in Fighting
  3924 | D:6      | Reached skill level 5 in Armour
  4054 | D:6      | HP: 1/61 [ogre/+0 giant spiked club (18)]
  4279 | D:6      | Slain by an iguana

Illustrated notes

Levels and vault maps discovered:
D:1:      grunt_arrival_lava_bath, layout_loops_ring,
          shapermc_ecumenical_altar_notcrosses, serial_shops, shop_fountains
D:2:      layout_basic, kennysheep_cross_bottleneck
D:3:      layout_basic
D:4:      layout_cave_pods, serial_shops, nicolae_stop_n_shop_2,
          minmay_hedge_maze
D:5:      minmay_opposing_rooms, layout_basic, fedhas_ov_isle_minmay,
          serial_shops, shop_statue, minmay_misc_feat_five, dk_vineyard_2,
          hex_tiny, minmay_misc_feat_secret_circle, uniq_duvessa, uniq_grinder,
          uniq_pikel
D:6:      layout_basic, minmay_statues_item
D:7:      layout_rooms, minmay_temple_entry_mist

Skill      XL: |  1  2  3  4  5  6  7 |
---------------+----------------------+-----
Axes           | 4 5 6 |  6.4
Fighting       | 4 5 |  5.4
Dodging        | 4 |  4.4
Stealth        | 2 |  2.3
Armour         | 2 3 4 5 |  5.4
Shields        | 1 |  1.8
Throwing       | |  0.3

Action                   |  1- 3 |  4- 6 |  7- 9 || total
-------------------------+-------+-------+-------++-------
Melee: Hand axe          |    68 |   110 |    30 ||   208
       Headbutt          |    12 |    13 |     4 ||    29
       Punch             |       |     1 |       ||     1
Throw: Stone             |     1 |       |     4 ||     5
 Stab: Sleeping          |     1 |       |       ||     1
Armor: Robe              |     5 |       |       ||     5
       Chain mail        |    30 |    37 |       ||    67
       Plate armour      |       |    48 |    12 ||    60
Dodge: Dodged            |    36 |    32 |     6 ||    74
Block: Buckler           |       |     7 |     6 ||    13
